 Dungeon Crawl Stone Soup version 0.30-a0-859-gf88a04b62d (webtiles) character file.

Game seed: 17373265242857843584

38819 112233 the Destroyer (level 13, -2/106 HPs)
             Began as a Demonspawn Conjurer on Mar 5, 2023.
             Was a High Priest of Vehumet.
             Slain by a cane toad (13 damage)
             ... on level 4 of the Lair of Beasts on Mar 6, 2023.
             The game lasted 00:43:54 (33955 turns).

112233 the Destroyer (Demonspawn Conjurer)         Turns: 33955, Time: 00:43:54

Health: -2/106     AC:  5    Str:  7    XL:     13   Next: 65%
Magic:  26/29      EV: 16    Int: 24    God:    Vehumet [*****.]
Gold:   1004       SH:  0    Dex: 13    Spells: 18/37 levels left

rFire   . . .      SeeInvis +    I - -1 demon whip (venom)
rCold   . . .      Faith    +    (no shield)
rNeg    + . .      Spirit   .    a - +0 robe
rPois   .          Reflect  .    P - +0 hat {SInv}
rElec   .          Rampage  .    (no cloak)
rCorr   +                        u - +1 pair of gloves
Will    .....                    g - +0 pair of boots
Stlth   ++                       i - amulet of faith
HPRegen 0.37/turn                K - ring of resist corrosion
MPRegen 0.21/turn                n - ring of positive energy

@: mighty
A: antennae 1, claws 2, hooves 2, ignite blood 1, powered by pain 1
a: Renounce Religion


You were on level 4 of the Lair of Beasts.
You worshipped Vehumet.
Vehumet was extremely pleased with you.
You visited 4 branches of the dungeon, and saw 18 of its levels.

You collected 1004 gold pieces.

Inventory:

Hand Weapons
 k - a +1 dagger of venom
 I - a -1 demon whip of venom (weapon)
 J - a +3 quarterstaff
Missiles
 t - 5 throwing nets
 N - 4 curare-tipped darts
Armour
 a - a +0 robe (worn)
 g - a +0 pair of boots (worn)
 l - an orb of guile
 q - a scarf of harm
 u - a +1 pair of gloves (worn)
 P - a +0 hat of see invisible (worn)
Magical Staves
 o - a staff of cold
Jewellery
 i - an amulet of faith (around neck)
 j - a ring of ice
 m - a ring of protection from fire
 n - a ring of positive energy (right hand)
 s - an amulet of guardian spirit
 K - a ring of resist corrosion (left hand)
 M - a ring of ice
 Q - a ring of positive energy
 R - an amulet of the acrobat
Wands
 f - a wand of flame (55)
 y - a wand of paralysis (15)
 C - a wand of polymorph (17)
Scrolls
 c - 2 scrolls of fear
 d - 2 scrolls of blinking
 h - 4 scrolls of teleportation
 p - 3 scrolls of amnesia
 r - 3 scrolls of poison
 x - 5 scrolls of magic mapping
 A - 3 scrolls of enchant armour
 B - a scroll of butterflies
 L - 4 scrolls of identify
Potions
 b - a potion of might {unknown}
 e - 3 potions of degeneration
 w - 4 potions of ambrosia
 z - 5 potions of flight
 D - 2 potions of lignification
 E - 3 potions of curing
 F - 2 potions of haste
 H - 2 potions of magic
 O - a potion of invisibility
Miscellaneous
 v - a phial of floods
 G - a condenser vane


   Skills:
 + Level 11.1 Fighting
 + Level 10.4 Dodging
 - Level 1.7 Stealth
 + Level 12.5 Spellcasting
 + Level 13.0 Conjurations


You had 18 spell levels left.
You knew the following spells:

 Your Spells              Type           Power      Damage    Failure   Level
a - Magic Dart            Conj           100%       1d8       0%          1
b - Searing Ray           Conj           100%       2d8       1%          2
c - Iskenderun's Mystic   Conj/Tloc      46%        2d10      1%          4
d - Passwall              Tmut/Erth      12%        N/A       6%          2
e - Fulminant Prism       Conj/Hex       23%        3d12      1%          4
f - Hailstorm             Conj/Ice       46%        3d11      1%          3
g - Mephitic Cloud        Conj/Pois/Air  35%        N/A       1%          3

Your spell library contained the following spells:

 Spells                   Type           Power      Damage    Failure   Level
 Eringya's Noxious Bog    Tmut/Pois      7%         N/A       80%         6
 Foxfire                  Conj/Fire      100%       2x1d9     1%          1
 Sandblast                Erth           30%        2d9       1%          1
 Poisonous Vapours        Pois/Air       30%        N/A       1%          2
 Dazzling Flash           Conj/Hex       92%        N/A       1%          3
 Stone Arrow              Conj/Erth      92%        3d12      1%          3
 Fireball                 Conj/Fire      23%        3d11      2%          5
 Cigotuvi's Dreadful Rot  Necr/Pois/Air  30%        N/A       6%          2
 Ensorcelled Hibernation  Hex/Ice        30%        N/A       6%          2
 Sublimation of Blood     Necr           15%        N/A       6%          2
 Wereblood                Tmut           15%        N/A       6%          2
 Swiftness                Air            15%        N/A       12%         3
 Starburst                Conj/Fire      23%        6d8       12%         6
 Summon Hydra             Summ           7%         N/A       100%        7


Dungeon Overview and Level Annotations

Branches:
Dungeon (12/15)            Temple (1/1) D:7            Lair (4/5) D:11
 Shoals (0/4) Lair:2       Spider (0/4) Lair:2          Orc (1/2) D:12
  Slime: Lair:4-5

Altars:
Ashenzari
Gozag
Kikubaaqudgha
Okawaru
Ru
Sif Muna
Trog
Vehumet
Yredelemnul

Shops:
D:1 [   D:3 ((   D:12 (

Annotations:
D:3 Sigmund
D:7 exclusion: downstairs
D:9 exclusion: downstairs
D:11 exclusions: downstairs and upstairs
D:12 Azrael


Innate Abilities, Weirdness & Mutations

You have a pair of small antennae on your head.
You have very sharp fingernails.
You have hoof-like feet.
Your demonic aura sometimes causes spilled blood to erupt in flames.
You sometimes gain a little power by taking damage.


Message History

You erupt in a blast of force!
The mystic blast hits the cane toad.
The cane toad is severely wounded.
The cane toad is knocked back by the mystic blast.
You feel very sick.
You feel sick.
Unknown command.
Casting: Iskenderun's Mystic Blast (mildly dangerous; 1% risk of failure)
Confirm with . or Enter, or press ? or * to list all spells.
You erupt in a blast of force!
The mystic blast hits the cane toad.
The cane toad is severely wounded.
You feel sick.
You hear a loud, deep croak!
The cane toad misses you. The cane toad stings you.
You are more poisoned.
The cane toad poisons you!
You feel extremely sick. The cane toad misses you.
Casting: Iskenderun's Mystic Blast (mildly dangerous; 1% risk of failure)
Confirm with . or Enter, or press ? or * to list all spells.
You erupt in a blast of force!
The mystic blast hits the cane toad!
The cane toad is almost dead.
The cane toad is knocked back by the mystic blast.
You feel very sick.
A komodo dragon comes into view.
You feel very sick. The cane toad stings you!!
* * * LOW HITPOINT WARNING * * *
You focus on the pain.
You feel your power returning.
You are more poisoned.
The cane toad poisons you!
You feel better. The cane toad stings you!
* * * LOW HITPOINT WARNING * * *
Unknown command.
Casting: Iskenderun's Mystic Blast (mildly dangerous; 1% risk of failure)
Confirm with . or Enter, or press ? or * to list all spells.
You erupt in a blast of force!
The mystic blast hits the cane toad but does no damage.
The cane toad is almost dead.
The cane toad stings you!
You die...

.# ####..P.......# ..#
...+..........## ...#
..............# $....
##..........# .....#
#...........# ...⌠..#
###.#.........##
.......##.⌠.#.........P#
........†....#........##
.⌠^>.⌠.+..@.⌠#........#
.......#=F...###...+.##
..........⌠.## ####..#
#..⌠...######.###.#..###
.....## ...........#
F.... ..........## ...##
#.........# ..
..........## .
P....†.....#


You could see a cane toad.

Vanquished Creatures
  Gastronok (Lair:2)
  A two-headed ogre (shapeshifter) (D:12)
  4 two-headed ogres
  Sonja (Lair:1)
  Amaemon (D:8)
  2 cyclopes
  5 elephants
  8 black mambas
  A gargoyle (D:12)
  An orange demon (D:8)
  5 cane toads
  An unseen horror (D:11)
  2 rime drakes
  A kobold demonologist (D:12)
  3 komodo dragons
  3 trolls
  A merfolk (Lair:2)
  4 slime creatures (D:12)
  21 blink frogs
  2 culicivoras (Lair:2)
  A shadow (D:12)
  A vampire (D:12)
  A wraith (D:11)
  2 fire elementals
  Grum (D:8)
  3 wyverns
  41 yaks
  A steam dragon (D:8)
  2 basilisks
  10 vampire mosquitoes
  An acid dragon (D:12)
  4 hell hounds
  11 water moccasins
  4 ice beasts
  7 orc warriors
  An ogre (D:5)
  3 black bears
  7 wolves
  13 centaurs
  12 bullfrogs
  6 kobold brigands
  2 gnoll sergeants (D:8)
  4 scorpions
  10 wights
  40 killer bees
  2 howler monkeys (D:12)
  5 gnoll boudas
  5 orc priests
  4 jellies
  12 hounds
  2 iguanas (D:4)
  Ijyb (D:5)
  Natasha (thrice) (D:2)
  13 orc wizards
  4 sleepcaps
  Robin (D:4)
  29 gnolls
  6 adders
  A shadow imp (D:7)
  A white imp (D:7)
  2 worms
  3 dart slugs
  54 orcs
  11 ball pythons
  4 bats (D:2)
  5 endoplasms
  3 giant cockroaches
  18 goblins
  5 hobgoblins
  3 jackals
  4 quokkas
  3 frilled lizards
  19 kobolds
  5 rats
  A fulminant prism (D:8)
485 creatures vanquished.

Vanquished Creatures (others)
  An ugly thing (D:12)
  An orc wizard (D:5)
  29 fulminant prisms
  26 fungi
  37 plants
94 creatures vanquished.

Grand Total: 579 creatures vanquished

Notes
Turn   | Place    | Note
-------+----------+-------------------------------------------
     0 | D:1      | 112233 the Demonspawn Conjurer began the quest for the Orb.
     0 | D:1      | Reached XP level 1. HP: 13/13 MP: 3/3
   318 | D:1      | Discovered your monstrous ancestry.
   318 | D:1      | Gained mutation: You have a pair of small antennae on your
                  | head. [demonic ancestry]
   318 | D:1      | Reached XP level 2. HP: 19/19 MP: 3/5
   873 | D:1      | Found Falaal's Antique Armour Shoppe.
  1365 | D:2      | Noticed Natasha
  1383 | D:2      | Killed Natasha
  1384 | D:2      | Gained mutation: Your demonic aura sometimes causes spilled
                  | blood to erupt in flames. [demonic ancestry]
  1384 | D:2      | Reached XP level 3. HP: 24/24 MP: 0/8
  1491 | D:2      | Reached XP level 4. HP: 30/30 MP: 6/10
  1607 | D:2      | Noticed Natasha
  1615 | D:2      | Killed Natasha
  2014 | D:2      | Noticed Natasha
  2016 | D:2      | Killed Natasha
  2017 | D:2      | Reached XP level 5. HP: 35/35 MP: 9/12
  2337 | D:3      | Found Duoruec's Weapon Emporium.
  2414 | D:3      | Learned a level 2 spell: Searing Ray
  2496 | D:3      | Noticed Sigmund
  2704 | D:4      | Reached skill level 5 in Spellcasting
  3396 | D:4      | Reached XP level 6. HP: 41/41 MP: 5/14
  3945 | D:4      | Noticed Robin
  3948 | D:4      | Killed Robin
  4412 | D:3      | Found Okut Woph's Weapon Shoppe.
  4523 | D:5      | Entered Level 5 of the Dungeon
  4528 | D:5      | Reached skill level 5 in Conjurations
  4654 | D:5      | Identified the +6 glaive of Blood-Lust {venom, rPois rF+
                  | Stlth-}
  4768 | D:5      | Gained mutation: You have sharp fingernails. [demonic
                  | ancestry]
  4768 | D:5      | Reached XP level 7. HP: 46/46 MP: 7/16
  4953 | D:5      | Noticed Ijyb
  4961 | D:5      | Killed Ijyb
  5377 | D:5      | Reached skill level 6 in Conjurations
  6422 | D:5      | Gained mutation: You sometimes gain a little power by
                  | taking damage. [demonic ancestry]
  6422 | D:5      | Reached XP level 8. HP: 52/52 MP: 11/19
  6764 | D:6      | Reached skill level 1 in Fighting
  6764 | D:6      | Reached skill level 7 in Conjurations
  7603 | D:6      | Gained mutation: You have very sharp fingernails. [demonic
                  | ancestry]
  7603 | D:6      | Reached XP level 9. HP: 63/63 MP: 15/21
  8005 | D:6      | Learned a level 2 spell: Passwall
  8010 | D:6      | Learned a level 4 spell: Iskenderun's Mystic Blast
  8015 | D:6      | Learned a level 4 spell: Fulminant Prism
  8068 | D:6      | Found a broken altar of Ashenzari.
  8068 | D:6      | Found a sacrificial altar of Ru.
  8235 | D:7      | Reached skill level 8 in Conjurations
  9396 | D:7      | Found a staircase to the Ecumenical Temple.
  9410 | Temple   | Entered the Ecumenical Temple
  9418 | Temple   | Became a worshipper of Vehumet
  9529 | D:8      | Noticed Amaemon
  9965 | D:8      | Reached skill level 5 in Dodging
 10069 | D:8      | Noticed a two-headed ogre
 10077 | D:8      | Killed a two-headed ogre
 10078 | D:8      | Reached skill level 5 in Fighting
 10078 | D:8      | Reached XP level 10. HP: 53/74 MP: 7/23
 10538 | D:8      | Reached skill level 9 in Conjurations
 10817 | D:8      | Reached * piety under Vehumet
 10817 | D:8      | Offered knowledge of Freeze by Vehumet.
 10909 | D:8      | Noticed an orange demon
 11190 | D:8      | Noticed Grum
 11200 | D:8      | Killed Grum
 11745 | D:8      | Killed an orange demon
 11748 | D:8      | Killed Amaemon
 13429 | D:9      | Found the +6 shillelagh "Devastator" {shatter}
 13430 | D:9      | Found an iron altar of Okawaru.
 13549 | D:9      | Found an ancient bone altar of Kikubaaqudgha.
 13549 | D:9      | Found a shimmering blue altar of Sif Muna.
 13655 | D:10     | Entered Level 10 of the Dungeon
 13946 | D:11     | Reached XP level 11. HP: 82/84 MP: 18/24
 13956 | D:11     | Reached skill level 10 in Conjurations
 13957 | D:11     | Reached skill level 10 in Spellcasting
 13962 | D:11     | Reached ** piety under Vehumet
 14154 | D:11     | Offered knowledge of Kiss of Death by Vehumet.
 14815 | D:10     | Noticed a two-headed ogre
 14823 | D:10     | Killed a two-headed ogre
 15813 | D:10     | Noticed a two-headed ogre
 16001 | D:11     | Found a staircase to the Lair.
 17038 | D:11     | Offered knowledge of Hailstorm by Vehumet.
 17240 | D:12     | Found Urocwut's Weapon Boutique.
 17242 | D:12     | Found a staircase to the Orcish Mines.
 17512 | D:12     | Reached skill level 11 in Conjurations
 17688 | D:12     | Noticed a white ugly thing
 18124 | Orc:1    | Entered Level 1 of the Orcish Mines
 18173 | Orc:1    | Noticed an orc knight
 18803 | D:12     | Noticed Azrael
 18870 | D:12     | Noticed a two-headed ogre
 18885 | D:12     | Killed a two-headed ogre
 18885 | D:12     | Reached *** piety under Vehumet
 18886 | D:12     | Gained mutation: You have large cloven feet. [demonic
                  | ancestry]
 18886 | D:12     | Reached XP level 12. HP: 71/94 MP: 21/26
 19201 | D:12     | Noticed a two-headed ogre
 19202 | D:12     | Upgraded the game from 0.30-a0-857-gcaf70739d4 to
                  | 0.30-a0-859-gf88a04b62d
 19206 | D:12     | Killed a two-headed ogre
 20329 | D:11     | Learned a level 3 spell: Hailstorm
 20333 | D:11     | Learned a level 3 spell: Mephitic Cloud
 20808 | Lair:1   | Entered Level 1 of the Lair of Beasts
 21637 | D:10     | Killed a two-headed ogre
 21637 | D:10     | Offered knowledge of Olgreb's Toxic Radiance by Vehumet.
 23967 | Lair:1   | Noticed Sonja
 24051 | Lair:1   | Killed Sonja
 24647 | Lair:1   | Reached skill level 12 in Conjurations
 24761 | Lair:1   | HP: 4/97 [poisoned by a black mamba]
 25632 | Lair:2   | Reached skill level 10 in Fighting
 26366 | Lair:2   | Reached **** piety under Vehumet
 26803 | Lair:2   | Gained mutation: You have hoof-like feet. [demonic
                  | ancestry]
 26803 | Lair:2   | Reached XP level 13. HP: 77/103 MP: 21/28
 26803 | Lair:2   | Offered knowledge of Sticky Flame by Vehumet.
 28160 | Lair:2   | Found a hole to the Spider Nest.
 28216 | Lair:2   | Found a staircase to the Shoals.
 28835 | Lair:2   | HP: 3/104 [killer bee (3)]
 28844 | Lair:1   | HP: 2/104 [poisoned by a killer bee]
 29307 | Lair:2   | Noticed Gastronok
 29329 | Lair:2   | Killed Gastronok
 30477 | Lair:3   | Reached skill level 10 in Dodging
 30522 | Lair:2   | Reached ***** piety under Vehumet
 31537 | Lair:3   | Offered knowledge of Eringya's Noxious Bog by Vehumet.
 33346 | Lair:3   | Reached skill level 13 in Conjurations
 33955 | Lair:4   | Slain by a cane toad

Illustrated notes

Levels and vault maps discovered:
D:1:      minmay_arrival_semitransparent, layout_loops_corners, serial_shops,
          shop
D:2:      layout_loops_cross, chequers_serial_rivers_micro_b, minmay_surrounded,
          uniq_natasha
D:3:      layout_loops_ring, serial_rivers, chequers_serial_rivers_micro_a,
          chequers_serial_rivers_room_a, chequers_serial_rivers_micro_a,
          chequers_serial_rivers_large_a, chequers_serial_rivers_micro_c,
          serial_shops, nicolae_shop_bloodbath_and_beyond, nicolae_diamond_shop,
          minmay_misc_feat_pillars, uniq_sigmund
D:4:      layout_basic, uniq_robin
D:5:      layout_gridville, minmay_ogre_servants, uniq_ijyb
D:6:      layout_basic, nicolae_overflow_hidden_temple
D:7:      layout_cave_pools, good_gods_mini_temple,
          minmay_temple_entry_butterflies
D:8:      layout_cave_pools, serial_gnoll_camp, grums_kennel,
          gnoll_camp_medium_01, gnoll_camp_mini_loothouse, gnoll_camp_mini_hut,
          kennysheep_small_circle, uniq_grum, uniq_amaemon
D:9:      layout_roguey, gammafunk_temple_overflow_elements,
          okawaru_ov_weapons_minmay
D:10:     layout_irregular_city
D:11:     layout_rooms, lair_entry_dummy, lemuel_flame_loot_1
D:12:     layout_stronghold, orc_david_3, uniq_azrael
Temple:   nicolae_temple_superstar
Lair:1:   layout_layer_cave, st_stairs_8, grunt_megastairs_4,
          infiniplex_staircase_pool_2, uniq_sonja
Lair:2:   wad_woods_minihive, layout_hall_layers, elwin_shoals_entry_rooms,
          hellmonk_spider_entry_life_and_decay, nicolae_volcano_entry_lava_flow,
          lemuel_fruit_tree, uniq_gastronok
Lair:3:   layout_loops_ring
Lair:4:   layout_roguey, basic_altar, roderic_carrion_pond, grunt_megastairs_3,
          serial_bayou_shore_b
Orc:1:    layout_caves, nicolae_orc_lava_tube

Skill      XL: |  1  2  3  4  5  6  7  8  9 10 11 12 13 |
---------------+----------------------------------------+-----
Spellcasting   | 3 4 5 6 7 8 9 10 11 12 | 12.5
Conjurations   | 5 6 7 8 9 11 12 13 | 13.0
Dodging        | 3 5 6 8 9 10 | 10.4
Fighting       | 3 5 7 8 10 11 | 11.1
Stealth        | |  1.7

Action                     |  1- 3 |  4- 6 |  7- 9 | 10-12 | 13-15 || total
---------------------------+-------+-------+-------+-------+-------++-------
  Melee: Scimitar          |    12 |     2 |       |       |       ||    14
         Dagger            |       |     2 |     5 |     2 |       ||     9
         Demon whip        |       |       |       |    50 |    30 ||    80
   Cast: Magic Dart        |    55 |   114 |   136 |   221 |    58 ||   584
         Searing Ray       |       |    20 |    71 |   175 |    57 ||   323
         Fulminant Prism   |       |       |     1 |    26 |     3 ||    30
         Iskenderun's Myst |       |       |       |    64 |   114 ||   178
         Mephitic Cloud    |       |       |       |     6 |     1 ||     7
         Passwall          |       |       |       |     3 |       ||     3
  Evoke: Wand              |       |       |     4 |    20 |     3 ||    27
         Condenser vane    |       |       |       |     2 |     1 ||     3
         Phial of floods   |       |       |       |     1 |       ||     1
    Use: Potion            |     5 |     6 |     2 |     8 |     4 ||    25
         Scroll            |       |     1 |       |    19 |     2 ||    22
   Stab: Paralysed         |       |       |       |     7 |       ||     7
         Sleeping          |       |       |       |     1 |       ||     1
         Distracted        |       |       |       |       |     1 ||     1
 Armour: Robe              |     3 |     6 |     9 |    71 |    38 ||   127
         Skin              |     4 |     3 |       |       |       ||     7
  Dodge: Dodged            |     8 |    22 |    66 |   336 |   220 ||   652

Table legend: (Time is in decaauts)
 A = Elapsed time spent in this place.
 B = Non-inter-level travel time spent in this place.
 C = Inter-level travel time spent in this place.
 D = Time resting spent in this place.
 E = Time spent auto-exploring this place.
 F = Levels seen in this place.
 G = Mean time per level.
                   A        B        C        D        E       F      G
               +--------+--------+--------+--------+--------+-----+--------+
         Total |  34039 |  33038 |   1001 |  12691 |  16766 |  18 | 1891.1 |
       Dungeon |  23043 |  22203 |    840 |   7122 |  12531 |  12 | 1920.2 |
        Temple |     15 |      5 |     10 |      0 |      2 |   1 |   15.0 |
          Lair |  10924 |  10775 |    149 |   5569 |   4200 |   4 | 2731.0 |
  Orcish Mines |     55 |     55 |      0 |      0 |     32 |   1 |   55.0 |
               +--------+--------+--------+--------+--------+-----+--------+

Top non-repeatable levels by time:
  Lair:1: 4969 daAuts
    D:11: 3905 daAuts
  Lair:3: 3179 daAuts
    D:12: 3004 daAuts
     D:8: 2655 daAuts
  Lair:2: 2488 daAuts
     D:5: 2047 daAuts
     D:9: 1981 daAuts
     D:6: 1658 daAuts
    D:10: 1658 daAuts
     D:7: 1626 daAuts
     D:4: 1601 daAuts
     D:2: 1295 daAuts
     D:1: 1127 daAuts
     D:3: 481 daAuts
